 Dungeon Crawl Stone Soup version 0.28.0-45-g0d030f2227 (webtiles) character file.

Game seed: 4287253713389357599

531 Qrupt the Firebug (level 7, -3/55 HPs)
             Began as a Human Cinder Acolyte on Apr 3, 2022.
             Was an Elder of Ignis.
             Slain by an ogre
             ... wielding a +0 giant spiked club
              (25 damage)
             ... on level 4 of the Dungeon.
             The game lasted 00:09:19 (4283 turns).

Qrupt the Firebug (Human Cinder Acolyte)            Turns: 4283, Time: 00:09:20

Health: -3/55      AC:  4    Str: 16    XL:     7   Next: 48%
Magic:  12/12      EV: 11    Int: 15    God:    Ignis [****..]
Gold:   108        SH:  0    Dex:  8    Spells: 12/12 levels left

rFire   + . .      SeeInvis .   a - -1 spear (spect)
rCold   . . .      Faith    .   (no shield)
rNeg    + . .      Spirit   .   b - +0 robe
rPois   +          Reflect  .   (no helmet)
rElec   .          Harm     .   (no cloak)
rCorr   .          Rampage  .   i - +1 pair of gloves
Will    .....                   (no boots)
Stlth   +.........              (no amulet)
HPRegen 0.18/turn               k - ring of positive energy
MPRegen 0.13/turn               m - ring of poison resistance

@: no status effects
A: no striking features
a: Renounce Religion, Fiery Armour, Foxfire Swarm, Rising Flame


You were on level 4 of the Dungeon.
You worshipped Ignis.
Ignis was greatly pleased with you.
You visited 1 branch of the dungeon, and saw 4 of its levels.

You collected 108 gold pieces.

Inventory:

Hand Weapons
 a - a -1 spectral spear (weapon)
Armour
 b - a +0 robe (worn)
 c - a +2 tower shield
 i - a +1 pair of gloves (worn)
Jewellery
 k - a ring of positive energy (left hand)
 m - a ring of poison resistance (right hand)
Scrolls
 j - a scroll of teleportation
Potions
 d - a potion of magic {unknown}
 h - a potion of attraction {unknown}


   Skills:
 + Level 4.7 Fighting
 + Level 4.7 Polearms
 + Level 3.3 Spellcasting
 + Level 4.8 Fire Magic


You had 12 spell levels left.
You didn't know any spells.
Your spell library contained the following spells:

 Spells                   Type           Power      Damage    Failure   Level
 Scorch                   Fire           32%        2d7       4%          2
 Ensorcelled Hibernation  Hex/Ice        4%         N/A       28%         2
 Passwall                 Tmut/Erth      1%         N/A       28%         2
 Swiftness                Air            2%         N/A       50%         3
 Tukima's Dance           Hex            2%         N/A       50%         3
 Passage of Golubria      Tloc           2%         N/A       88%         4
 Yara's Violent Unravell  Hex/Tmut       1%         3d3       99%         5


Dungeon Overview and Level Annotations

Branches:
Dungeon (4/15)
 Temple: D:4-7

Altars:

Shops:
D:2 =

Annotations:
D:3 1 runed translucent door, Tali's ghost, amateur DsBe


Message History

The bullfrog hits you but does no damage.
The bullfrog barely misses you.
You closely miss the bullfrog.
The bullfrog is almost dead.
The bullfrog hits you!
You closely miss the bullfrog.
The bullfrog is almost dead.
The bullfrog hits you.
You hit the bullfrog. You burn the bullfrog.
You kill the bullfrog!
You start resting.
Magic restored.
You start resting.
An ogre is nearby!
Okay, then.
Okay, then.
As you read the scroll labelled WEFRUOFEUX, it crumbles to dust.
You feel aware of your surroundings.
You sensed 4 altars, and 1 shop/portal.
It was a scroll of magic mapping.
As you read the scroll labelled DIURCH WOYST, it crumbles to dust.
It is a scroll of enchant armour.
Your +0 pair of gloves glows green for a moment.
As you read the scroll labelled QEGUIM UBALIQI, it crumbles to dust.
The scroll dissolves into smoke.
It was a scroll of fog.
As you read the scroll labelled NUMEUM MOIS, it crumbles to dust.
It is a scroll of brand weapon.
Your -1 spear of flaming acquires a faint afterimage.
a - a -1 spectral spear (weapon)
You see here 9 stones.
There is a stone staircase leading down here.
The ogre shouts!
You closely miss the ogre.
Your -1 spectral spear closely misses the ogre.
The ogre hits you with a +0 giant spiked club!
You hit the ogre but do no damage.
Your -1 spectral spear hits the ogre!
You hit the ogre. You punch the ogre.
The ogre is severely wounded.
Your -1 spectral spear hits the ogre!
The ogre hits you with a +0 giant spiked club!!
You die...

..........#*,*
.....#....#*,*
.....#....##+##########
.....#............§§§§#
..............>...§§§§#
......<.........>§§§§§#
...............§.§§§§§#
...........#+##.§######
'####..<...#,*##@####
...........#+**#.O(.######
.#####.........#.........#
.# #.........######....#
##***######....#....####.#
,,,,,,,,,,,....#.........#
**********,....#O####....#
,*********,,,..*,,,,######
,,,,,,,,,,,,,,,*,,,,,,,,,*


You could see an ogre and a friendly -1 spectral spear (summoned).

Vanquished Creatures
  Grinder (D:3)
  A bullfrog (D:4)
  A scorpion (D:4)
  A hound (D:4)
  Natasha (thrice) (D:3)
  3 gnolls (D:3)
  An adder skeleton (D:4)
  3 worms
  5 endoplasms
  2 giant cockroaches
  7 hobgoblins
  5 kobolds
  2 quokkas (D:1)
  6 ball pythons
  10 bats
  4 frilled lizards
  7 goblins
  5 rats
67 creatures vanquished.

Vanquished Creatures (others)
  10 foxfires (D:3)
  4 plants (D:1)
14 creatures vanquished.

Grand Total: 81 creatures vanquished

Notes
Turn   | Place    | Note
-------+----------+-------------------------------------------
     0 | D:1      | Qrupt the Human Cinder Acolyte began the quest for the Orb.
     0 | D:1      | Reached XP level 1. HP: 18/18 MP: 2/2
   118 | D:1      | Reached XP level 2. HP: 5/24 MP: 3/3
   638 | D:1      | Reached XP level 3. HP: 29/29 MP: 5/5
  1261 | D:1      | Found a faded altar of an unknown god.
  1562 | D:2      | Found Veohoedu's Jewellery Shoppe.
  1764 | D:3      | Noticed Natasha
  1771 | D:3      | Killed Natasha
  1772 | D:3      | Reached XP level 4. HP: 24/35 MP: 6/6
  1986 | D:3      | Noticed Grinder
  1989 | D:3      | Killed Grinder
  1990 | D:3      | Reached XP level 5. HP: 42/42 MP: 6/9
  1990 | D:3      | Reached XP level 6. HP: 48/48 MP: 6/10
  2988 | D:3      | Noticed Natasha
  2995 | D:3      | Killed Natasha
  3006 | D:3      | Noticed Natasha
  3016 | D:3      | Killed Natasha
  3322 | D:3      | Found a runed translucent door.
  3323 | D:3      | Noticed Tali's ghost (amateur DsBe)
  3498 | D:3      | Reached XP level 7. HP: 54/55 MP: 11/11
  4283 | D:4      | Slain by an ogre

Illustrated notes

Levels and vault maps discovered:
D:1:      wander_arrival_estate, layout_loops_ring,
          shapermc_ecumenical_altar_mp_urbaneastern, minmay_misc_feat_columns,
          st_stairs_5, columned_hall_lemuel, nicolae_wormholes
D:2:      layout_basic, serial_shops, shop
D:3:      layout_loops_ring, ebering_ghost_reflecting_pool, minmay_box_of_dots,
          uniq_natasha, uniq_grinder
D:4:      minmay_angry_zag, layout_basic, gammafunk_temple_overflow_claw,
          nicolae_overflow_crystal_walls, gammafunk_ghost_abyssal_escape,
          chequers_serial_rivers_room_a, uniq_pargi

Skill      XL: |  1  2  3  4  5  6 |
---------------+-------------------+-----
Fighting       | 4 |  4.7
Polearms       | 4 |  4.7
Spellcasting   | 2 3 |  3.3
Fire Magic     | 4 |  4.8

Action                   |  1- 3 |  4- 6 |  7- 9 || total
-------------------------+-------+-------+-------++-------
Melee: Spear             |   157 |    74 |    74 ||   305
       Punch             |       |       |     2 ||     2
Invok: Fiery Armour      |     1 |     1 |     1 ||     3
       Foxfire Swarm     |       |     1 |       ||     1
  Use: Potion            |       |     2 |     1 ||     3
       Scroll            |       |       |     5 ||     5
 Stab: Sleeping          |     1 |     1 |       ||     2
Armor: Robe              |    26 |     7 |    19 ||    52
Dodge: Dodged            |    63 |    33 |    31 ||   127
